 Dungeon Crawl Stone Soup version 0.23.2-40-g277498a001 (webtiles) character file.

Game seed: 6242386180802173655

534 FishyPogo the Skirmisher (level 7, -5/82 HPs)
             Began as a Human Berserker on Aug 30, 2019.
             Was a Priest of Trog.
             Slain by Pikel
             ... wielding a +2 whip of flaming
              (7 damage)
             ... on level 4 of the Dungeon on Aug 31, 2019.
             The game lasted 00:16:45 (3252 turns).

FishyPogo the Skirmisher (Human Berserker)          Turns: 3252, Time: 00:16:45

Health: -5/82      AC:  4    Str: 25    XL:     7   Next: 50%
Magic:  0/7        EV: 13    Int:  7    God:    Trog [***...]
Gold:   45         SH:  0    Dex: 12    Spells: 6/6 levels left

rFire    . . .     SeeInvis .   b - +6 flail (holy)
rCold    . . .     Gourm    .   (no shield)
rNeg     + . .     Faith    .   (no armour)
rPois    .         Spirit   +   (no helmet)
rElec    .         Reflect  .   (no cloak)
rCorr    +         Harm     .   D - +2 pair of gloves
MR       ++...                  e - +0 pair of boots
Stlth    ..........             k - amulet of guardian spirit
HPRegen  1.23/turn              q - ring of positive energy
MPRegen  0.10/turn              u - ring of resist corrosion

@: berserking (expiring), regenerating, very quick
A: no striking features
a: Berserk, Trog's Hand, Renounce Religion


You were on level 4 of the Dungeon.
You worshipped Trog.
Trog was most pleased with you.
You were hungry.

You visited 1 branch of the dungeon, and saw 4 of its levels.

You collected 102 gold pieces.
You spent 57 gold pieces at shops.

Inventory:

Hand Weapons
 a - a +2 long sword of electrocution
 b - a +6 flail of holy wrath (weapon)
Missiles
 f - 163 stones (quivered)
 l - 7 tomahawks
Armour
 e - a +0 pair of boots (worn)
 r - a +2 pair of gloves
 x - a +0 helmet
 y - a +0 animal skin
 D - a +2 pair of gloves (worn)
Jewellery
 h - an uncursed amulet of regeneration
 i - an uncursed ring of see invisible
 k - an amulet of guardian spirit (around neck)
 q - a ring of positive energy (left hand)
 u - a ring of resist corrosion (right hand)
Wands
 A - a wand of iceblast (9)
 E - a wand of digging (5)
Scrolls
 g - 2 scrolls of identify {unknown}
 o - a scroll of noise {unknown}
 p - 3 scrolls of enchant weapon {unknown}
 s - a scroll of remove curse
 v - 2 scrolls of amnesia {unknown}
 C - a scroll of enchant armour {unknown}
Potions
 j - a potion of brilliance
 m - 2 potions of cancellation
 n - a potion of agility
 t - a potion of invisibility
 w - a potion of flight {unknown}
 z - a potion of curing
 B - a potion of resistance {unknown}
 F - 2 potions of heal wounds
 G - a potion of might {unknown}
 H - a potion of berserk rage {unknown}
Comestibles
 c - 7 rations
 d - 6 chunks of flesh


   Skills:
 + Level 4.5 Fighting
 - Level 1.4 Long Blades
   Level 3.2(3.3) Axes
 + Level 1.3(2.4) Maces & Flails
 * Level 3.1 Throwing
 + Level 4.1 Armour
 + Level 3.7 Dodging


You had 6 spell levels left.
You didn't know any spells.
Your spell library was empty.

Dungeon Overview and Level Annotations

Branches:
Dungeon (4/15)             Temple (0/1) D:4

Altars:
Hepliaklqana
Makhleb
Sif Muna

Shops:
D:4 [(*

Annotations:
D:4 Pikel


Message History

* * * LOW HITPOINT WARNING * * *
Pikel burns you.
* * * LOW HITPOINT WARNING * * *
The slave misses you.
You are too berserk!
You sock the slave!
You kill the slave!
That felt strangely unrewarding.
You feel the effects of Trog's Hand fading.
The slave closely misses you.
Pikel hits you with a +2 whip of flaming.
* * * LOW HITPOINT WARNING * * *
Pikel burns you.
* * * LOW HITPOINT WARNING * * *
You sock the slave!
The slave is heavily wounded.
The slave hits you.
* * * LOW HITPOINT WARNING * * *
Pikel hits you with a +2 whip of flaming!
You die...

........# #....#...............
........## ######...............
##.......# #........##########
.#.......# #........# .#.......#
#........# .#.......# #........#
.#.......# #........#
.#.......######p.......###'######
##.............[@########........
...............[K#......#p......p
.....รท...........#......#........
.................#......#.......p
.................#......'........
.................[......#........
.................#...............
###########......################
..........'......#


You could see Pikel and a slave.

Vanquished Creatures
  Sigmund (D:4)
  Edmund (D:4)
  3 slaves (D:4)
  A hound (D:2)
  An iguana (D:4)
  Terence (D:3)
  2 worker ants (D:4)
  Robin (D:3)
  5 adders
  An ooze (D:1)
  2 worms
  3 dart slugs
  5 leopard geckos
  4 giant cockroaches
  14 goblins
  11 hobgoblins
  2 quokkas (D:3)
  A ball python (D:4)
  10 bats
  5 frilled lizards
  7 kobolds
  8 rats
89 creatures vanquished.

Notes
Turn   | Place    | Note
-------+----------+-------------------------------------------
     0 | D:1      | FishyPogo the Human Berserker began the quest for the Orb.
     0 | D:1      | Reached XP level 1. HP: 18/18 MP: 1/1
   114 | D:1      | Reached XP level 2. HP: 17/24 MP: 2/2
   302 | D:1      | Reached XP level 3. HP: 21/29 MP: 3/3
   487 | D:1      | Reached ** piety under Trog
   793 | D:2      | Found a burning altar of Makhleb.
  1082 | D:2      | Reached XP level 4. HP: 32/37 MP: 4/4
  1238 | D:2      | Reached XP level 5. HP: 36/42 MP: 5/5
  1636 | D:3      | Noticed Robin
  1648 | D:3      | Killed Robin
  1650 | D:3      | Reached *** piety under Trog
  1745 | D:3      | Noticed Terence
  1751 | D:3      | Killed Terence
  1751 | D:3      | Reached skill level 1 in Throwing
  1808 | D:3      | Reached skill level 1 in Long Blades
  1890 | D:3      | Found a hazy altar of Hepliaklqana.
  2154 | D:3      | Reached XP level 6. HP: 38/48 MP: 6/6
  2350 | D:4      | Found a deep blue altar of Sif Muna.
  2377 | D:4      | Found a staircase to the Ecumenical Temple.
  2459 | D:4      | Noticed Edmund
  2467 | D:4      | Killed Edmund
  2610 | D:4      | Found Ycenux's Weapon Emporium.
  2875 | D:4      | Reached XP level 7. HP: 54/54 MP: 7/7
  2978 | D:4      | Found Ypseisai's Armour Shoppe.
  3102 | D:4      | Found Qut Fyni's Assorted Antiques.
  3106 | D:4      | Noticed Sigmund
  3133 | D:4      | Killed Sigmund
  3133 | D:4      | Reached skill level 1 in Maces & Flails
  3148 | D:4      | Bought a lumpy black potion for 19 gold pieces
  3148 | D:4      | Bought an inky potion for 19 gold pieces
  3148 | D:4      | Bought a smoky puce potion for 19 gold pieces
  3224 | D:4      | Noticed Pikel
  3251 | D:4      | HP: 3/82 [Pikel/+2 whip of flaming (3)]
  3252 | D:4      | Slain by Pikel

Skill      XL: |  1  2  3  4  5  6  7 |
---------------+----------------------+-----
Armour         | 3 4 |  4.1
Dodging        | 3 |  3.7
Fighting       | 4 |  4.5
Throwing       | 1 2 3 |  3.1
Long Blades    | 1 |  1.4
Maces & Flails | 1 |  1.3
Axes           | |  3.2

Action                   |  1- 3 |  4- 6 |  7- 9 || total
-------------------------+-------+-------+-------++-------
Melee: Hand axe          |   128 |    22 |       ||   150
       Long sword        |       |    70 |     3 ||    73
       Flail             |       |       |    35 ||    35
Throw: Stone             |     8 |    31 |     2 ||    41
       Tomahawk          |       |     2 |       ||     2
Invok: Berserk           |     5 |     1 |     1 ||     7
       Trog's Hand       |       |       |     1 ||     1
  Use: Potion            |       |     1 |     6 ||     7
       Scroll            |       |     1 |       ||     1
  Eat: Chunk             |     4 |     8 |     2 ||    14
Armor: Animal skin       |    41 |    33 |       ||    74
       Skin              |       |       |     2 ||     2
Dodge: Dodged            |    85 |   102 |    28 ||   215
       Rpst.: Long sword |       |    30 |     1 ||    31
